Map: [ESL] Data-C

Players

Reynor - Winner!

  • Race: Zerg Zerg
  • Spawn Location: 9:00

DnS

  • Race: Protoss Protoss
  • Spawn Location: 3:00

Event: DreamHack SC2 Masters 2022 Valencia

VOD

Have the link to the VOD?

Description

Time

  • Played on: July 1, 2022, 12:55 p.m.
  • Length: 11:48

All games in this series

Show
View Real Time Build Order
Export as new Build Order

Reynor Zerg - Winner!

Build Orders: Hatch First 

Get SALT Encoding   

  12  0:00  Drone  
  13  0:11  Overlord  
  13  0:16  Drone  
  14  0:30  Drone x2  
  16  0:43  Drone  
  17  0:52  Hatchery  
  17  0:55  Drone  
  17  0:58  Drone  
  18  1:09  Extractor  
  17  1:13  Spawning Pool  
  17  1:16  Drone  
  17  1:20  Drone  
  18  1:27  Drone  
  19  1:38  Drone  
  20  1:48  Overlord  
  20  2:00  Queen  
  22  2:04  Drone x2, Queen  
  26  2:10  Zergling x2  
  26  2:13  Metabolic Boost  
  26  2:15  Zergling x2  
  28  2:21  Drone  
  29  2:25  Drone  
  30  2:36  Hatchery  
  29  2:38  Drone  
  29  2:41  Drone  
  31  2:46  Overlord  
  31  2:48  Drone  
  32  2:54  Queen  
  32  2:57  Drone  
  36  2:58  Drone  
  36  3:05  Drone  
  37  3:08  Drone x3  
  37  3:11  Overlord  
  40  3:17  Queen  
  43  3:20  Drone  
  43  3:21  Drone  
  44  3:29  Spore Crawler, Drone  
  44  3:30  Overlord  
  44  3:35  Queen  
  44  3:39  Drone  
  44  3:40  Drone  
  48  3:47  Drone x2  
  50  3:49  Evolution Chamber  
  50  3:53  Queen  
  50  3:54  Drone  
  51  3:56  Spore Crawler  
  51  3:57  Drone  
  51  3:59  Drone  
  51  4:01  Drone  
  53  4:03  Drone  
  53  4:04  Drone  
  53  4:08  Spore Crawler  
  53  4:09  Drone  
  55  4:12  Overlord  
  55  4:15  Drone x2  
  57  4:23  Queen  
  57  4:24  Zerg Melee Weapons Level 1  
  59  4:25  Drone  
  59  4:27  Drone  
  61  4:33  Drone x2  
  61  4:35  Overlord  
  61  4:38  Queen  
  63  4:39  Drone x2  
  63  4:41  Drone  
  63  4:42  Drone  
  63  4:43  Drone  
  70  4:45  Overlord  
  70  4:49  Drone x2  
  70  4:52  Lair  
  72  4:56  Roach Warren  
  72  4:57  Drone  
  72  4:58  Zergling x2  
  72  4:59  Zergling x2  
  74  5:01  Zergling x2  
  74  5:03  Overlord  
  74  5:05  Zergling x4  
  74  5:06  Zergling x2  
  78  5:09  Zergling x4  
  78  5:12  Drone x2  
  82  5:15  Overlord  
  82  5:17  Drone  
  82  5:19  Zergling x6  
  82  5:20  Drone  
  86  5:24  Overlord  
  86  5:27  Drone  
  86  5:30  Overlord, Extractor  
  86  5:31  Extractor  
  86  5:34  Drone x2  
  86  5:36  Drone  
  86  5:37  Drone  
  86  5:41  Overlord  
  86  5:42  Drone x2  
  90  5:43  Drone x2  
  90  5:48  Baneling Nest, Drone  
  90  5:49  Extractor  
  91  5:52  Overlord  
  91  5:53  Drone  
  92  5:58  Drone  
  92  6:01  Overlord  
  93  6:07  Drone x2  
  93  6:08  Drone  
  93  6:09  Drone x2  
  93  6:10  Extractor, Overlord  
  97  6:12  Extractor, Hatchery  
  94  6:20  Zerg Melee Weapons Level 2  
  94  6:24  Zergling x14  
  101  6:28  Overlord  
  101  6:29  Zergling x2  
  101  6:30  Zergling x2  
  103  6:35  Overlord  
  103  6:36  Zergling x8  
  103  6:37  Zergling x6  
  103  6:38  Overlord  
  110  6:42  Overlord  
  110  6:49  Overlord  
  110  6:53  Overseer  
  109  6:54  Drone x2  
  109  6:56  Drone  
  109  6:58  Drone x3  
  109  6:59  Centrifugal Hooks  
  115  7:01  Drone x3  
  115  7:04  Roach  
  115  7:06  Roach x3  
  115  7:07  Overlord  
  125  7:13  Roach  
  126  7:16  Overlord  
  126  7:18  Roach  
  128  7:24  Roach x2  
  128  7:27  Roach x3  
  128  7:29  Drone, Ravager x4  
  142  7:30  Drone x4  
  142  7:34  Roach  
  142  7:35  Roach x2  
  150  7:37  Ravager  
  150  7:38  Roach x2  
  150  7:41  Roach  
  156  7:45  Roach, Queen  
  156  7:46  Spore Crawler  
  156  7:47  Roach x2  
  156  7:49  Ravager x5  
  169  7:51  Zergling x2  
  169  7:53  Overlord  
  169  7:55  Zergling x6  
  173  7:58  Zergling x8  
  173  8:01  Zergling x4  
  173  8:03  Pneumatized Carapace  
  173  8:05  Zergling x8  
  181  8:08  Zergling x2  
  181  8:12  Zergling x2  
  183  8:13  Zergling x2  
  183  8:16  Zergling x2  
  183  8:18  Zergling x2  
  186  8:21  Queen  
  186  8:24  Baneling x12  
  186  8:25  Baneling x8  
  188  8:28  Zergling x8  
  188  8:29  Zergling x4  
  188  8:30  Overlord  
  188  8:33  Hatchery  
  188  8:36  Zergling x12  
  188  8:39  Zergling x4  
  194  8:43  Zergling x2  
  194  8:47  Zergling x2  
  193  8:50  Baneling x17  
  193  8:51  Baneling  
  193  8:55  Zergling x10  
  196  8:59  Zergling x8  
  196  9:00  Zergling x4  
  194  9:05  Zergling x6  
  194  9:06  Baneling x9  
  196  9:13  Zergling x8  
  188  9:18  Zergling x2  
  188  9:20  Zergling x4  
  188  9:21  Zerg Missile Weapons Level 1  
  188  9:24  Zergling x12  
  177  9:28  Zergling x6  
  177  9:29  Zergling x4  
  174  9:33  Zergling x4  
  174  9:36  Zergling x2  
  155  9:41  Zergling x2  
  155  9:43  Zergling x4  
  146  9:47  Zergling x2  
  146  9:49  Queen x2  
  146  9:50  Zergling x6  
  149  9:53  Zergling x2  
  149  9:56  Zergling x4  
  149  9:57  Zergling x2  
  134  10:04  Roach  
  134  10:05  Roach x3  
  134  10:06  Roach  
  138  10:08  Baneling x22  
  138  10:09  Roach x2  
  138  10:11  Queen  
  144  10:16  Roach x4, Zergling x2  
  144  10:18  Roach x5  
  144  10:20  Zergling x4  
  165  10:25  Baneling x10  
  165  10:26  Zergling x6  
  168  10:30  Zergling x2  
  168  10:31  Zergling x2  
  170  10:38  Zergling x8  
  170  10:39  Zergling x4  
  170  10:40  Zergling x6  
  170  10:41  Zergling x2  
  180  10:45  Zergling x6  
  180  10:49  Zergling x6  
  186  10:50  Baneling x11  
  186  10:51  Zergling x4  
  186  10:52  Zergling x4  
  186  10:54  Zergling x2  
  186  10:58  Ravager x2  
  186  11:02  Zergling x8  
  186  11:03  Zergling x2  
  179  11:06  Zergling x2  
  179  11:07  Zergling x6  
  179  11:11  Zergling x4  
  170  11:13  Zergling x6  
  170  11:14  Zergling x4  
  165  11:20  Zergling x6  
  165  11:22  Zergling x2  
  165  11:23  Zergling x2  
  161  11:26  Zergling x4  
  161  11:30  Ravager x2  
  161  11:31  Ravager x3  
Show
View Real Time Build Order
Export as new Build Order

DnS Protoss 

Build Orders: 1 Gate Expand, Oracle Opening 

Get SALT Encoding   

  12  0:00  Probe  
  13  0:12  Probe  
  14  0:21  Pylon  
  14  0:24  Probe  
  15  0:39  Probe (Chrono Boost)  
  16  0:43  Gateway  
  16  0:48  Probe (Chrono Boost)  
  16  0:49  Assimilator  
  17  0:53  Probe  
  18  1:05  Probe  
  19  1:17  Probe  
  20  1:27  Nexus  
  20  1:38  Cybernetics Core  
  20  1:40  Probe  
  21  1:51  Assimilator  
  21  1:53  Probe  
  22  1:56  Pylon  
  22  2:05  Probe (Chrono Boost)  
  23  2:16  Adept  
  23  2:17  Probe (Chrono Boost)  
  23  2:20  Stargate  
  26  2:24  Probe (Chrono Boost)  
  26  2:29  Warp Gate  
  27  2:31  Probe (Chrono Boost)  
  28  2:42  Probe (Chrono Boost)  
  30  2:44  Probe (Chrono Boost)  
  30  2:46  Stalker  
  34  2:51  Probe (Chrono Boost)  
  34  2:52  Probe (Chrono Boost)  
  35  2:58  Probe (Chrono Boost)  
  35  3:00  Probe (Chrono Boost)  
  35  3:04  Oracle (Chrono Boost)  
  36  3:06  Probe  
  36  3:09  Probe  
  41  3:15  Pylon  
  41  3:18  Probe  
  42  3:22  Gateway  
  42  3:23  Probe  
  43  3:30  Probe  
  44  3:35  Oracle (Chrono Boost)  
  44  3:38  Probe  
  48  3:42  Probe  
  48  3:48  Nexus  
  49  3:51  Probe  
  49  3:54  Probe  
  50  3:57  Pylon  
  50  4:03  Probe  
  50  4:06  Probe  
  52  4:10  Assimilator  
  52  4:15  Probe, Oracle (Chrono Boost)  
  56  4:20  Adept x2  
  56  4:22  Pylon  
  60  4:24  Probe  
  60  4:26  Assimilator  
  60  4:28  Probe  
  62  4:40  Probe x2  
  62  4:41  Adept x2  
  70  4:54  Probe x2 (Chrono Boost)  
  70  4:58  Twilight Council  
  71  5:00  Pylon, Probe (Chrono Boost), Forge  
  73  5:07  Gateway  
  73  5:09  Probe (Chrono Boost)  
  73  5:10  Probe x2 (Chrono Boost)  
  74  5:15  Blink  
  74  5:16  Probe  
  74  5:17  Probe x2  
  75  5:23  Pylon, Sentry  
  75  5:24  Sentry  
  75  5:25  Gateway  
  75  5:28  Probe  
  80  5:29  Probe x2  
  80  5:31  Protoss Ground Weapons Level 1 (Chrono Boost)  
  82  5:40  Probe  
  82  5:41  Probe x2  
  85  5:44  Gateway  
  85  5:45  Gateway  
  85  5:48  Stalker  
  85  5:49  Stalker  
  88  5:52  Probe  
  88  5:53  Probe x2  
  91  6:04  Photon Cannon, Probe  
  91  6:05  Probe  
  91  6:10  Stalker  
  95  6:14  Nexus  
  95  6:16  Pylon  
  95  6:19  Stalker x2  
  95  6:20  Stalker, Pylon  
  101  6:28  Pylon  
  101  6:33  Shield Battery  
  101  6:34  Probe x2  
  101  6:35  Probe  
  104  6:40  Forge  
  104  6:46  Probe  
  105  6:51  Stalker x6  
  105  6:53  Probe x2  
  119  6:58  Probe  
  120  7:01  Gateway  
  120  7:02  Gateway  
  120  7:03  Gateway  
  120  7:06  Charge (Chrono Boost)  
  120  7:19  Zealot x2  
  124  7:23  Protoss Ground Armor Level 1 (Chrono Boost)  
  124  7:26  Probe x4  
  124  7:27  Stalker x2  
  130  7:31  Zealot  
  130  7:39  Stalker  
  130  7:42  Protoss Ground Weapons Level 2 (Chrono Boost)  
  132  7:44  Pylon  
  132  7:45  Pylon x2  
  132  7:59  Pylon, Probe x2  
  132  8:02  Probe  
  132  8:05  Stalker x9, Pylon  
  145  8:07  Pylon  
  151  8:17  Probe x2, Gateway  
  151  8:18  Gateway  
  153  8:24  Gateway  
  153  8:25  Gateway  
  153  8:26  Photon Cannon x2, Shield Battery  
  153  8:27  Gateway  
  151  8:35  Stalker x8  
  165  8:44  Zealot  
  164  8:49  Pylon  
  164  8:50  Pylon  
  164  8:51  Pylon  
  164  9:03  Stalker x7  
  164  9:04  Stalker  
  164  9:07  Pylon, Probe x4  
  164  9:09  Pylon x2  
  184  9:10  Pylon  
  172  9:21  Stalker x4  
  147  9:26  Zealot x4  
  147  9:27  Zealot x2  
  142  9:32  Zealot  
  102  9:47  Zealot x9  
  102  9:50  Probe x2  
  102  9:51  Probe  
  119  9:58  Zealot  
  117  10:02  Probe x2  
  117  10:03  Probe  
  120  10:10  Nexus  
  120  10:14  Probe  
  120  10:15  Sentry x3  
  127  10:32  Stalker x3  
  127  10:33  Zealot  
  135  10:43  Probe x3  
  135  10:48  Stalker x2  
  135  10:49  Stalker  
  144  10:50  Zealot x2  
  136  11:06  Stalker x3  
  136  11:07  Stalker  
  136  11:08  Zealot  
  136  11:10  Zealot x3  
  125  11:15  Probe x2  
  125  11:16  Probe  
  128  11:23  Zealot x3  
  116  11:27  Probe  
  116  11:30  Stalker x2  
  109  11:41  Zealot x4  

Tags
 
Add a new tag
Caveats
  • Supply blocks, unpowered buildings, or Contaminate may cause inaccurate times.
  • Supply counts are checked every 10 seconds.